 Dungeon Crawl Stone Soup version 0.28-a0-48-gfd831c5874 (webtiles) character file.

Game seed: 12175230514869660785

67 lunkers the Magician (level 4, -1/31 HPs)
             Began as a Djinni Earth Elementalist on July 29, 2021.
             Slain by Robin (5 damage)
             ... on level 2 of the Dungeon.
             The game lasted 00:06:35 (1830 turns).

lunkers the Magician (Djinni Earth Elementalist)    Turns: 1830, Time: 00:06:35

Health: -1/31      AC:  2    Str:  7    XL:     4   Next: 40%
Gold:   81         EV: 12    Int: 18    God:
                   SH:  0    Dex: 13

rFire   + + .      SeeInvis .   h - +2 short sword (venom)
rCold   x . .      Faith    .   (no shield)
rNeg    . . .      Spirit   .   b - +0 robe
rPois   ∞          Reflect  .   (no helmet)
rElec   .          Harm     .   (no cloak)
rCorr   .          Rampage  .   (no gloves)
Will    .....                   (boots unavailable)
Stlth   ++........              (no amulet)
HPRegen 0.10/turn               (no ring)
MPRegen 0.00/turn               (no ring)

@: flying
A: sickness immunity, fire resistance 2, cold vulnerability 1, float, innate
caster, hp casting, extra vitality 1
a: no special abilities


You were on level 2 of the Dungeon.
You visited 1 branch of the dungeon, and saw 2 of its levels.

You collected 81 gold pieces.

Inventory:

Hand Weapons
 h - a +2 short sword of venom (weapon)
Missiles
 c - 32 stones
Armour
 b - a +0 robe (worn)
Scrolls
 e - a scroll of noise
 f - a scroll of enchant weapon {unknown}
 g - a scroll of identify {unknown}
 j - a scroll of immolation {unknown}
Potions
 a - 3 potions of heal wounds {unknown}
 d - a potion of haste {unknown}
 i - 2 potions of ambrosia {unknown}


   Skills:
 - Level 2.1 Dodging
 - Level 1.5 Stealth
 * Level 3.8 Spellcasting


You couldn't memorise any spells.
You knew the following spells:

 Your Spells              Type           Power      Damage    Failure   Level
a - Stone Arrow           Conj/Erth      34%        3d9       10%         3
b - Passwall              Tmut/Erth      14%        N/A       4%          2
c - Sandblast             Erth           34%        2d9       3%          1
d - Petrify               Tmut/Erth      17%        N/A       30%         4
e - Magic Dart            Conj           68%        1d6       3%          1
Your spell library was empty.

Dungeon Overview and Level Annotations

Branches:
Dungeon (2/15)

Altars:
Kikubaaqudgha

Annotations:
D:2 Robin


Innate Abilities, Weirdness & Mutations

You are immune to sickness and miasma.
You are immune to poison.
Your flesh is very heat resistant. (rF++)
You are vulnerable to cold. (rC-)
You float through the air rather than walking.
You learn spells naturally, not from books.
Your magical power is your life essence.
You have superior vitality. (+4 HP)


Message History

Robin misses you.
Unknown command.
Casting: Sandblast (safe; 3% risk of failure)
Confirm with . or Enter, or press ? or * to list all spells.
Aiming: Sandblast (safe; 3% risk of failure)
Press: ? - help, Shift-Dir - straight line, f/p - Robin
Aim: Robin, wielding a +0 spear, wearing a +0 animal skin and wearing a +0 helmet (lightly wounded, 85% to hit)
The blast of sand hits Robin!
Robin is severely wounded.
Robin roars a battlecry!
The goblins go into a battle-frenzy!
Unknown command.
Unknown command.
Casting: Sandblast (safe; 3% risk of failure)
Confirm with . or Enter, or press ? or * to list all spells.
Aiming: Sandblast (safe; 3% risk of failure)
Press: ? - help, Shift-Dir - straight line, f/p - Robin
Aim: Robin, wielding a +0 spear, wearing a +0 animal skin and wearing a +0 helmet (severely wounded, 85% to hit)
The blast of sand hits the goblin!
You kill the goblin!
Robin barely misses you. The hobgoblin hits you.
* * * LOW HITPOINT WARNING * * *
Unknown command.
Casting: Sandblast (safe; 3% risk of failure)
Confirm with . or Enter, or press ? or * to list all spells.
Aiming: Sandblast (safe; 3% risk of failure)
Press: ? - help, Shift-Dir - straight line, f/p - Robin
Aim: Robin, wielding a +0 spear, wearing a +0 animal skin and wearing a +0 helmet (severely wounded, 85% to hit)
The blast of sand hits Robin.
Robin is almost dead.
* * * LOW HITPOINT WARNING * * *
Robin throws the goblin at you! The goblin hits you with a +0 club.
* * * LOW HITPOINT WARNING * * *
The hobgoblin hits you.
* * * LOW HITPOINT WARNING * * *
As you read the scroll labelled CAONO YCEKYWYXT, it crumbles to dust.
You hear a loud clanging noise!
It was a scroll of noise.
Robin hits you from afar with a +0 spear.
You die...

#####.#### #.# #.#
#)# #.# #.# #.#
#######g# ..
#.....g@##### ..g.
#....g)g#...##'#..
#.....g##....g..#.
##....g.........'.
#....###....g..#
#....###.......#
#..............#
##.............#
#.............#


You could see Robin, 2 hobgoblins and 3 goblins.

Vanquished Creatures
  An adder (D:2)
  2 dart slugs
  4 endoplasms
  7 goblins
  9 hobgoblins
  4 jackals (D:2)
  2 quokkas
  3 ball pythons
  4 bats
  7 kobolds
  5 rats
48 creatures vanquished.

Vanquished Creatures (others)
  4 fungi (D:2)
4 creatures vanquished.

Grand Total: 52 creatures vanquished

Notes
Turn   | Place    | Note
-------+----------+-------------------------------------------
     0 | D:1      | lunkers the Djinni Earth Elementalist began the quest for
                  | the Orb.
     0 | D:1      | Reached XP level 1. HP: 15/15 MP: 0/0
    75 | D:1      | Found a faded altar of an unknown god.
    93 | D:1      | Reached XP level 2. HP: 13/21 MP: 0/0
   344 | D:1      | Reached skill level 3 in Spellcasting
   548 | D:1      | Reached XP level 3. HP: 21/25 MP: 0/0
   548 | D:1      | Learned a level 1 spell: Magic Dart
   834 | D:2      | Noticed Robin
  1439 | D:2      | Reached XP level 4. HP: 29/31 MP: 0/0
  1830 | D:2      | Slain by Robin

Illustrated notes

Levels and vault maps discovered:
D:1:      lemuel_arrival_funnel, layout_rooms,
          ebering_ecumenical_altar_sacrificial
D:2:      layout_basic, basic_altar, minmay_heptomino_h4,
          uniq_crazy_yiuf_cottage, uniq_robin

Skill      XL: |  1  2 |
---------------+-------+-----
Spellcasting   | 3 |  3.8
Dodging        | |  2.1
Stealth        | |  1.5

Action                   |  1- 3 |  4- 6 || total
-------------------------+-------+-------++-------
Melee: Short sword       |       |    19 ||    19
 Cast: Sandblast         |    52 |     4 ||    56
       Stone Arrow       |       |     4 ||     4
  Use: Scroll            |       |     1 ||     1
 Stab: Sleeping          |       |     1 ||     1
Armor: Robe              |     5 |     3 ||     8
Dodge: Dodged            |     9 |    17 ||    26

Table legend: (Time is in decaauts)
 A = Elapsed time spent in this place.
 B = Non-inter-level travel time spent in this place.
 C = Inter-level travel time spent in this place.
 D = Time resting spent in this place.
 E = Time spent auto-exploring this place.
 F = Levels seen in this place.
 G = Mean time per level.
                   A        B        C        D        E       F      G
               +--------+--------+--------+--------+--------+-----+--------+
         Total |   1832 |   1806 |     26 |    351 |   1066 |   2 |  916.0 |
       Dungeon |   1832 |   1806 |     26 |    351 |   1066 |   2 |  916.0 |
               +--------+--------+--------+--------+--------+-----+--------+

Top non-repeatable levels by time:
     D:1: 980 daAuts
     D:2: 851 daAuts
